Cogmind - Beta 16.1 --- EXPLORER MODE // 2026.02.10 @ 09:06:35 Player: K.K.Y. Result: Destroyed by 1H-H23(R) with Subdweller Beam Cannon Performance ------------- Evolutions (0) 0 Regions Visited (2) 400 Robots Destroyed (41) 205 Value Destroyed (1069) 1069 Prototype IDs (1) 20 Alien Tech Used (0) 0 Bonus (0) 0 TOTAL SCORE: 1694 Bonus ------- None Cogmind --------- Core Integrity 0/250 Matter 275/300 Energy 90/100 System Corruption 0% Temperature Warm (170) Movement Core (500) Ox9 Location -10/Subcaves Parts ------- > --- POWER (1+3) ------ (None) > --- PROPULSION (2) --- (None) > --- UTILITY (3) ------ Large Storage Unit Structural Scanner Power Bank > --- WEAPON (2) ------- Beam Cannon Battle Cannon > --- INVENTORY (15) --- Humpback Improved Terrain Scanner Makeshift Hacking Suite Riot Gun Medium Laser Barrage Gun Makeshift Shrapnel Gun Makeshift Shrapnel Gun Mining Laser Makeshift Spear Peak State ------------ > --- POWER ------------ Light Nuclear Core > --- PROPULSION ------- Light Treads > --- UTILITY ---------- Large Storage Unit Structural Scanner Power Bank > --- WEAPON ----------- Light EM Pulse Cannon Beam Cannon > --- INVENTORY -------- Humpback Improved Terrain Scanner Makeshift Hacking Suite Riot Gun Medium Laser Barrage Gun Makeshift Shrapnel Gun Makeshift Shrapnel Gun Battle Cannon Mining Laser Makeshift Spear [Rating: 21] Favorites ----------- Power Ion Engine Engine Ion Engine Power Core Light Nuclear Core Propulsion Light Treads Treads Light Treads Utility Structural Scanner Device Structural Scanner Storage Large Storage Unit Weapon Light EM Pulse Cannon Energy Gun EM Pulse Gun Energy Cannon Light EM Pulse Cannon Ballistic Gun Assault Rifle Ballistic Cannon Battle Cannon Special Weapon Mining Laser Build | -11 -10 -10 ------- Run | Yrd Mat Sub Slots Evolved 1 | . 1 . Power . | . . . Propulsion . | . . . Utility 1 | . 1 . Weapon . | . . . Parts Attached 20 | 8 1 11 Power 2 | 1 . 1 Engine 1 | 1 . . Core 1 | . . 1 Reactor . | . . . Propulsion 4 | 2 . 2 Treads 4 | 2 . 2 Leg . | . . . Wheel . | . . . Hover . | . . . Flight . | . . . Utility 5 | 3 1 1 Device 3 | 2 . 1 Storage 2 | 1 1 . Processor . | . . . Hackware . | . . . Protection . | . . . Artifact . | . . . Weapon 9 | 2 . 7 Energy Gun 1 | 1 . . Energy Cannon 5 | . . 5 Ballistic Gun 1 | 1 . . Ballistic Cannon 1 | . . 1 Launcher . | . . . Special Weapon 1 | . . 1 Impact Weapon . | . . . Slashing Weapon . | . . . Piercing Weapon . | . . . Special Melee Weapon . | . . . Unidentified Prototypes 1 | . . 1 Parts Lost 8 | . . 8 Power 2 | . . 2 Propulsion 2 | . . 2 Utility 1 | . . 1 Weapon 3 | . . 3 Highest Loss Streak 3 | . . 3 To Critical Strikes 1 | . . 1 Average Backups 10 | 2 7 12 Power . | . . . Propulsion . | . . . Utility 2 | 1 1 2 Weapon 7 | . 4 9 Tool/Special . | . . . Unused Backups 10 | . . 10 Power . | . . . Propulsion . | . . . Utility 3 | . . 3 Weapon 7 | . . 7 Tool/Special . | . . . Average Slot Usage (%) 81 | . 94 74 Engine 7 | . 12 4 Core 3 | . . 6 Treads 19 | . 25 16 Device 21 | . 25 20 Storage 9 | . 6 10 Energy Gun 4 | . 12 . Energy Cannon 10 | . . 15 Ballistic Gun 4 | . 12 . Peak Build Rating 21 | 7 9 21 Average Rating 12 | 5 8 15 On Entrance 5 | . 7 9 Avg Prop Armor Cover (%) . | . . . Naked Turns . | . . . Heaviest Build 36 | 11 31 36 Greatest Support 40 | 40 40 40 Greatest Overweight (x) 11 | . . 11 Average Overweight (x) . | . . . Largest Inventory Capacity 15 | 10 15 15 Average Capacity 13 | 5 10 15 Most Carried 15 | 5 11 15 Average Carried 11 | 2 7 13 Final Capacity 15 | 5 15 15 Final Carried 11 | 3 11 11 Class Distribution -------------------- 100% | Hacker-Mutant Dominant Class ---------------- Hacker-Mutant | -10/Materials Hacker-Mutant | -10/Subcaves Resources | -11 -10 -10 ----------- Run | Yrd Mat Sub Matter Collected 503 | 301 94 108 Remotely . | . . . Salvage Created 1751 | 170 595 986 Parts 81 | 8 22 51 Haulers Intercepted 2 | . 2 . Recyclers Shooed 1 | . 1 . Parts Field Recycled . | . . . Retrieved Matter . | . . . Parts Self-Destructed . | . . . Prevented . | . . . Parts Restored . | . . . Kills | -11 -10 -10 ------- Run | Yrd Mat Sub Combat Hostiles Destroyed 26 | . 5 21 Guns 5 | . 5 . Cannons 14 | . . 14 Classes Destroyed 10 | 2 4 4 Worker 2 | . 2 . Tunneler 3 | 3 . . Hauler 2 | . 2 . Recycler 3 | 1 2 . Turret 2 | . . 2 Watcher 3 | . 3 . Swarmer 4 | . . 4 Grunt 5 | . 5 . Artisan 1 | . . 1 Subdweller 17 | . . 17 Best Kill Streak 4 | 4 4 4 Combat Bots Only 4 | . 2 4 Max Kills in Single Turn 2 | 1 2 1 Gunslinging . | . . . Exploded . | . . . Melee . | . . . Uniques/NPCs Destroyed . | . . . Combat | -11 -10 -10 -------- Run | Yrd Mat Sub Hostile Shots Fired 161 | . 22 139 Missed 57 | . 5 52 Hits 104 | . 17 87 Projectile 104 | . 17 87 Critical Strikes 6 | . 1 5 Damage Taken 1247 | . 171 1076 Core 264 | . 6 258 Absorbed by Shields . | . . . Ignored by Resistances 738 | . 104 634 Core Remaining (%) 100 | 100 . . Volleys Fired 138 | 7 28 103 Largest 2 | 2 2 2 Hottest 156 | 60 60 156 Shots Fired 239 | 14 56 169 Gun 76 | 14 56 6 Cannon 159 | . . 159 Launcher . | . . . Special 4 | . . 4 Kinetic 44 | 7 28 9 Thermal 20 | . . 20 Explosive . | . . . Electromagnetic 175 | 7 28 140 Robot Hit Streak 37 | 8 37 29 Robot Miss Streak 2 | 1 1 2 Penetration Max . | . . . Secondary Targets 1 | . 1 . Max Gunslinging Chain 1 | . 1 . Shots Hit Robots 171 | 9 47 115 Core Hits 52 | 5 18 29 Critical Kills 1 | . . 1 Critical Parts Destroyed . | . . . Critical Strikes 1 | . . 1 Meltdown 1 | . . 1 Melee Attacks . | . . . Impact . | . . . Slashing . | . . . Piercing . | . . . Sneak Attacks . | . . . Combat Hostiles . | . . . Follow-up Attacks . | . . . Damage Inflicted 2944 | 157 731 2056 Guns 821 | 129 692 . Cannons 2003 | . . 2003 Explosions 66 | 28 38 . Melee . | . . . Ramming 6 | . 1 5 Kinetic 304 | 35 269 . Thermal 272 | 28 38 206 Explosive . | . . . Electromagnetic 2362 | 94 423 1845 Impact . | . . . Slashing . | . . . Piercing . | . . . Highest Corruption . | . . . Average Corruption . | . . . Corruption Purged . | . . . Corruption Blocked . | . . . Overload Shots . | . . . Overflow Damage 30 | . . 30 Projectiles 30 | . . 30 Explosions . | . . . Melee . | . . . Knockbacks . | . . . Impact . | . . . Kinetic . | . . . Secondary . | . . . Self-Inflicted Damage 19 | . 14 5 Shots 1 | . 1 . Rammed . | . . . Targets Rammed 1 | . 1 . Kicked . | . . . Crushed 1 | . 1 . Highest Temperature 175 | . 135 175 Average Temperature 42 | . 78 14 Received Heat Transfer 711 | . 141 570 Siege Activations . | . . . Martial Activations . | . . . Shielding Activations . | . . . Robots Disrupted 2 | . 1 1 Combat Hostiles 1 | . . 1 Robots Corrupted 7 | . . 7 Combat Hostiles 6 | . . 6 Parts Fried 19 | . . 19 Impact Corruptions . | . . . Robots Melted 1 | . . 1 Combat Hostiles 1 | . . 1 Parts Melted 3 | . . 3 Heat Transferred 533 | 50 50 433 Parts Sabotaged . | . . . Parts Stolen . | . . . Parts Stripped . | . . . Power Chain Reactions 2 | 1 1 . Alert | -11 -10 -10 ------- Run | Yrd Mat Sub Maximum Alert Level . | . . . Low Security (%) 100 | 100 100 . Level 1 . | . . . Level 2 . | . . . Level 3 . | . . . Level 4 . | . . . Level 5 . | . . . High Security . | . . . Max Security . | . . . Peak Influence 62 | 10 62 . Initial . | . . . Average 4 | 1 5 . Influence Increases 906 | 20 346 540 Destroy 0b10 Robot/C 220 | . 100 120 Destroy 0b10 Robot/NC 65 | 20 45 . Destroy Leader 30 | . 30 . Trap Triggered on 0b10 40 | . 40 . Successful Hack 7 | . 7 . Destroy Structure 4 | . 4 . Lose Combat Pursuer 540 | . 120 420 Influence Decreases 906 | 20 346 540 Time Decay 876 | 20 346 510 Lost Part 30 | . . 30 Squads Dispatched . | . . . Investigation . | . . . Extermination . | . . . Reinforcement . | . . . Assault . | . . . Garrison . | . . . Intercept . | . . . Searches Triggered . | . . . Construction Impeded . | . . . Haulers Reinforced . | . . . Active Scanning Responses . | . . . Cargo Convoy Interrupts . | . . . Stealth | -11 -10 -10 --------- Run | Yrd Mat Sub Distress Signals . | . . . Communications Jammed . | . . . Distress Signals . | . . . Times Spotted 58 | . 15 43 Peak Tracking Total 3 | . 2 3 Tactical Retreats 13 | . 7 6 Traps | -11 -10 -10 ------- Run | Yrd Mat Sub Traps Triggered 4 | . 3 1 Indirectly . | . . . Trap Hack Attempts . | . . . Triggered . | . . . Disarmed . | . . . Reprogrammed 12 | . 12 . Reused 4 | . 4 . Traps Extracted . | . . . Installed . | . . . Triggered 4 | . 4 . Machines | -11 -10 -10 ---------- Run | Yrd Mat Sub Machines Disabled 2 | . . 2 Max in Single Turn 1 | . . 1 Machines Repaired . | . . . Machines Dismantled . | . . . Machines Sabotaged . | . . . Overloaded Fab Kills . | . . . Hacking | -11 -10 -10 --------- Run | Yrd Mat Sub Machines Accessed 8 | . 8 . Terminals 6 | . 6 . Fabricators . | . . . Repair Stations . | . . . Recycling Units 2 | . 2 . Scanalyzers . | . . . Garrison Access . | . . . Total Hacks 11 | . 11 . Successful 10 | . 10 . Failed 1 | . 1 . Catastrophic . | . . . Database Lockouts . | . . . Manual 5 | . 5 . Terminals 9 | . 9 . Fabricators . | . . . Repair Stations . | . . . Recycling Units 2 | . 2 . Scanalyzers . | . . . Garrison Access . | . . . Terminal Hacks 3 | . 3 . Locate Traps 1 | . 1 . Reprogram Traps 2 | . 2 . Fabricator Hacks . | . . . Repair Station Hacks . | . . . Recycling Unit Hacks 2 | . 2 . Retrieve Components 2 | . 2 . Scanalyzer . | . . . Garrison Access Hacks . | . . . Unauthorized Hacks 5 | . 5 . Terminals 5 | . 5 . Botnet 5 | . 5 . Fabricators . | . . . Repair Stations . | . . . Recycling Units . | . . . Scanalyzers . | . . . Garrison Access . | . . . Data Cores Recovered . | . . . Used . | . . . Hacking Detections 1 | . 1 . Full Trace Events 1 | . 1 . Feedback Events . | . . . Feedback Blocked . | . . . Robot Schematics Acquired . | . . . Robots Built . | . . . Authchips . | . . . Time . | . . . Total Robot Build Rating . | . . . Part Schematics Acquired . | . . . Parts Built . | . . . Authchips . | . . . Time . | . . . Total Part Build Rating . | . . . Part Studies Acquired . | . . . Parts Repaired . | . . . Time . | . . . Parts Recycled . | . . . Recycled Matter . | . . . Retrieved Matter . | . . . Retrieved Components 7 | . 7 . Parts Scanalyzed . | . . . Part Schematics Acquired . | . . . Parts Damaged . | . . . Bothacking | -11 -10 -10 ------------ Run | Yrd Mat Sub Used RIF Installer . | . . . Robots Hacked . | . . . Non-combat . | . . . Combat . | . . . Robot Hacks Applied . | . . . Relay Couplers Released . | . . . Fabnet Peak Effective % . | . . . Robots Rewired . | . . . Allies Hacked . | . . . Hacks Repelled . | . . . Allies | -11 -10 -10 -------- Run | Yrd Mat Sub Total Allies . | . . . Largest Group . | . . . Highest-Rated Group . | . . . Highest-Rated Ally . | . . . Total Orders . | . . . Ally Attacks . | . . . Total Damage . | . . . Kills . | . . . Allies Corrupted . | . . . Allies Melted . | . . . Intel | -11 -10 -10 ------- Run | Yrd Mat Sub Active Infowar (turns) 4411 | 82 1498 2831 Sensors 2726 | 82 1498 1146 Structural 4392 | 63 1498 2831 Robot Analysis Total . | . . . Derelict Logs Recovered 2 | . . 2 Drone Launches . | . . . Drone Recoveries . | . . . Exploration | -11 -10 -10 ------------- Run | Yrd Mat Sub Turns Passed 4426 | 97 1498 2831 Spaces Moved 2026 | 51 827 1148 Core 98 | 26 . 72 Treads 1928 | 25 827 1076 Legs . | . . . Wheels . | . . . Hover . | . . . Flight . | . . . Fastest Speed 50 | 50 160 160 Average Speed 186 | 103 160 209 Slowest Speed 600 | 160 160 600 Overloaded Moves . | . . . Propulsion Burnouts . | . . . Robots Hopped . | . . . Potential Cave-ins . | . . . Cave-ins Triggered . | . . . Exploration Rate (%) 62 | 4 98 86 Regions Visited 2 Branch Regions 1 Pre-discovered Areas 2 | . . 2 Known Exits Taken 2 | 1 1 . Unknown Exits Taken . | . . . Scrap Searched 7 | . . 7 Spaces Dug . | . . . Terrain Destroyed 7 | 3 4 . Melee . | . . . Projectile . | . . . AOE 7 | 3 4 . Terrain Rammed 1 | . . 1 Walls Destroyed . | . . . Machines Disabled . | . . . Actions | -11 -10 -10 --------- Run | Yrd Mat Sub Total 2428 | 80 946 1402 Wait 205 | 7 79 119 Move 2024 | 50 826 1148 Hop . | . . . Pick Up 28 | 7 10 11 Fast Attach 3 | 3 . . Attach 13 | 5 1 7 Detach 3 | 1 . 2 Swap 4 | . . 4 Drop 8 | . 1 7 Fire 138 | 7 28 103 Melee . | . . . Ram 1 | . . 1 Kick . | . . . Crush 1 | . 1 . Escape Stasis . | . . . Rewire . | . . . Trap . | . . . Miscellaneous . | . . . Route ------- -11/Scrapyard -10/Materials (discovered 5 exits: *Mat x3 / *Min / *Sub) -10/Subcaves (discovered 3 exits: *Mat x2 / *Rec) History --------- Turn | Location | Event 13 | -11/Scrapyard | Identified exit to Materials 13 | -11/Scrapyard | Discovered exit to Materials (range 15) 98 | -11/Scrapyard | Entered Materials 98 | -10/Materials | Evolved 1 slot: Utility x1 225 | -10/Materials | Identified exit to Mines 225 | -10/Materials | Discovered exit to Mines (range 16) 308 | -10/Materials | Build established: Hacker-Mutant 500 | -10/Materials | Identified exit to Materials 500 | -10/Materials | Discovered exit to Materials (range 8) 766 | -10/Materials | Discovered exit to Materials (range 6) 1404 | -10/Materials | Discovered exit to Materials (range 16) 1583 | -10/Materials | Identified exit to Subcaves 1583 | -10/Materials | Discovered exit to Subcaves (range 9) 1596 | -10/Materials | Entered Subcaves 1650 | -10/Subcaves | Disturbed a concealed Subdweller 1950 | -10/Subcaves | Identified exit to Materials 1950 | -10/Subcaves | Discovered exit to Materials (range 7) 2005 | -10/Subcaves | A swath of the cavern ceiling suddenly collapsed 2252 | -10/Subcaves | Discovered exit to Materials (range 10) 2296 | -10/Subcaves | Learned location of Mines (-8) 2516 | -10/Subcaves | A swath of the cavern ceiling suddenly collapsed 2559 | -10/Subcaves | Shifting Twisted Machinery released Battle Cannon 2565 | -10/Subcaves | Shifting Twisted Machinery released Sub. Optics 2740 | -10/Subcaves | Identified exit to Recycling 2740 | -10/Subcaves | Discovered exit to Recycling (range 14) 2913 | -10/Subcaves | Shifting Twisted Machinery released Sub. Monowheel 2976 | -10/Subcaves | Shifting Twisted Machinery released Sub. Laser 3016 | -10/Subcaves | A Subdweller sparked back to life 3030 | -10/Subcaves | Core integrity fell below 50% 3098 | -10/Subcaves | Found Prototype Device 3099 | -10/Subcaves | Identified Power Bank 3100 | -10/Subcaves | Attached Power Bank, gained temporary slots: Power x3 3371 | -10/Subcaves | Learned location of Zion (-7) 4055 | -10/Subcaves | Lost 3 parts (1n2w) 4356 | -10/Subcaves | Core integrity fell below 20% 4427 | -10/Subcaves | Destroyed by 1H-H23(R) with Subdweller Beam Cannon Last Messages --------------- 03371_ Acquired derelict log, extracted data. World map updated: -7/Zion. 03416_ Acquired 5 matter. 03703_ Subatomizers dissect the Lgt. Ion Engine. 03942_ TO-81L(u) tweaks Twisted Machinery. 03990_ Lgt. EM Pulse Cannon destroyed. 03996_ Critical hit (Destroy). 03996_ Lgt. Treads destroyed. 04001_ QR-G3A(R) misfires. 04006_ QR-G3A(R) system terminally corrupted. 04024_ Lgt. EM Pulse Cannon destroyed. 04026_ ZB-26J(R) suffers critical hit (Meltdown). 04026_ Disposable Heat Sink melted. 04362_ 1K-T4F(R) destroyed. 04375_ Acquired 10 matter. 04375_ Triggered Piercing Trap. 04375_ Spikes shoot up from the floor. 04375_ Lgt. Nuclear Core destroyed. 04425_ Critical hit (Meltdown: +180). Map ----- +----------------------------------------------------+ | | | | | | | | | | | | | ?????????????????????????????????????????????????? | | ?????????????????????????????????????????????????? | | ?????????????????????????????????????????????????? | | ?????????????????????????????????????????????????? | | ?????????????????????????????????????????????????? | | ?????????????????????????????????????????????????? | | ?????????????????????????????????????????????????? | | ?????????????????????????????????????????????????? | | ?????????????????????????????????????????????????? | | ?????????????????????????????????????????????????? | | ?????????????????????????????????????????????????? | | ?????????????????????????????????????????????????? | | ?????????????????????????????????????????????????? | | ????????????????????#########????????????????????? | | ######??????????????#########????????????????????? | | #######?????????????## ;###???????????????????? | | ## ###????????????##" ####??????????????????? | | ?## ################" ####?????????????????? | | ### ###############"" ####????????????????? | | ### ## # ##"" @ ###????????????????? | | # ###^ [%! R ###???????????????? | | #### ## "" ###??????????????? | | ### #### #####" ##??????????????? | | ??? # ## ##########" ##??????????????? | | ???## ^ ^########?###" ###??????????????? | | ???### ###??????#### ###??????????????? | | ???#### ##?????????## ###?????????????? | | ######## ##??????????? ##?????????????? | | ######## ##??????????? ##?????????????? | | ### ##???????????? ##?????????????? | | ###^ ###???????????? ##?????????????? | | ###???????????? ##?????????????? | | # ^##########??????? ###?????????????? | | ## ###############??? # ??????????????????? | | ## ###?## ######??? ?????????????????? | | ######## ##??## ###"""# "?????????????????? | | ################# ####""" "?????????????????? | | ################# ## " "?????????????????? | | ########## ###?? ""?????????????????? | | #### # ###?? ""?????????????????? | | ## ##?? ""#????????????????? | | ## ### ###?# ""####??????????????? | | ##### #### ##### ""#####?????????????? | | #### ### ###### ####????????????? | +----------------------------------------------------+ Best States ------------- Heat Dissipation 25 Energy Generation 14 Energy Capacity 250 Matter Stores 300 Matter Capacity 300 Sight Range 16 Robot Scan Range 14 Terrain Scan Density 10 Resistance: KI 35 Resistance: TH 35 Resistance: EX 35 Resistance: EM 35 Resistance: I 35 Resistance: S 35 Resistance: P 35 Evasion (%) 50 Recoil Reduction 2 Offensive Hacking 20 Item Schematics ----------------- None Robot Schematics ------------------ None Fabricated ------------ Nothing Repaired ---------- Nothing Studied --------- None Alien Tech Used ----------------- None Achievements -------------- None Challenges ------------ None Game ------ Seed ZhirovAluminumShotgun Manual? 0 Play Time 00:16:50 Cumulative 326.8 hours Start 2026.02.10 @ 08:50:06 End 2026.02.10 @ 09:06:35 Sessions 1 Manual Loads 0 Difficulty Explorer Special Mode None Game No. 517 Rogue 0 Adventurer 0 Explorer 517 Win Type - Total 0 Types 0/0/0/0/0/0/0/0/0/0 Lore% 77 Gallery% 67 Achievement% 56 Wizard Run 0 Options --------- Layout 1 ASCII 0 Keyboard 0 Movement Mouse Keybinds 1 Fullscreen 1 Font 24/Smallcaps Map View 50x35 Zoom Use 0% Tactical HUD 1 Map Filters NONE Filters NONE Steam 1 RUN: 04ba23d6-1116-421f-8838-8c0eb6cfc783